AoeStats
← skeezerrr

Black Forest

509311809Analyzed
3v3 RM · 7d ago on Sep 26, 2026· 61m 0s· 6 players
Game mode
Random Map
Map size
Normal (6 player)
Population
200
Speed
Normal
Resources
Standard
Victory
Conquest
Starting age
Dark Age
Ending age
Imperial Age
RankedLock teamsTeams togetherTeam positionsShared explorationLock speedFull tech treeHidden civsTurbo modeCheats
Victory
Defeat
🇪🇸 Ethiopians · Spain
1188
+14
🇮🇳 Muisca · India
1151
+15
🇵🇹 Sicilians · Portugal
1069
+19
🇬🇧 Bohemians · United Kingdom
1155
-17
🇬🇧 Vietnamese · United Kingdom
1141
-16
🇬🇧 Celts · United Kingdom
1117
-15
skeezerrr
5:22 Loom
10:36 Feudal Age
11:54 Wheelbarrow
11:04 Double-Bit Axe
16:30 Castle Age
15:18 Gold Mining
15:50 Fletching
18:29 Bow Saw
21:48 Crossbowman
25:07 Padded Archer Armor
28:40 Stone Mining
28:28 Elite Skirmisher
29:44 Horse Collar
30:20 Town Watch
33:23 Imperial Age
31:18 Ballistics
31:01 Heavy Plow
32:10 Bodkin Arrow
32:27 Forging
32:00 Treadmill Crane
33:42 Thumb Ring
33:50 Chatras
33:42 Elite Battle Elephant
35:20 Crop Rotation
35:17 Bloodlines
35:07 Husbandry
39:28 Iron Casting
38:58 Scale Barding Armor
38:34 Imperial Skirmisher
45:27 Bracer
45:43 Leather Archer Armor
45:49 Chain Barding Armor
47:20 Two-Man Saw
52:38 Chemistry
51:50 Masonry
53:55 Caravan
Husain Bolt
0:27 Loom
12:09 Feudal Age
12:38 Double-Bit Axe
17:16 Castle Age
20:36 Bow Saw
25:08 Fervor
27:57 Horse Collar
31:53 Imperial Age
31:08 Chemistry
32:25 Fortified Wall
37:10 Padded Archer Armor
37:01 Fletching
43:25 Wheelbarrow
59:35 Bodkin Arrow
migetsrus
7:46 Loom
10:50 Feudal Age
11:24 Double-Bit Axe
13:58 Man-at-Arms
14:24 Man-at-Arms
17:41 Castle Age
18:30 Long Swordsman
23:27 Gambesons
25:47 Scale Mail Armor
28:42 Fletching
29:32 Bow Saw
30:19 Padded Archer Armor
30:57 Gold Mining
32:49 Wheelbarrow
32:00 Town Watch
33:04 Bodkin Arrow
34:04 Leather Archer Armor
34:21 Horse Collar
35:45 Chain Mail Armor
35:48 Hand Cart
39:52 Imperial Age
38:48 Forging
40:00 Arson
39:50 Pikeman
39:55 Onager
40:25 Two-Handed Swordsman
40:40 Capped Ram
42:21 Ring Archer Armor
42:53 Chemistry
42:44 Plate Mail Armor
41:36 Champion
42:53 Heavy Scorpion
45:38 Heavy Plow
48:53 Siege Onager
51:00 Gold Shaft Mining
52:08 Furor Celtica
52:18 Conscription
WaAzZaA
12:18 Feudal Age
12:49 Double-Bit Axe
12:51 Horse Collar
16:50 Forging
18:49 Scale Mail Armor
19:30 Loom
22:08 Castle Age
20:24 Fletching
20:35 Padded Archer Armor
20:54 Gold Mining
21:57 Arson
24:17 Iron Casting
24:36 Wheelbarrow
24:32 Bow Saw
28:13 Hand Cart
28:11 Heavy Plow
28:01 Town Watch
28:26 Elite Skirmisher
29:43 Chain Mail Armor
31:16 Leather Archer Armor
33:43 Bodkin Arrow
37:07 Imperial Age
35:49 Caravan
36:59 Ballistics
36:51 Pikeman
37:17 Capped Ram
39:21 Plate Mail Armor
39:52 Blast Furnace
39:36 Bracer
40:13 Squires
39:58 Gambesons
41:12 Conscription
40:22 Halberdier
42:32 Chemistry
41:30 Murder Holes
44:00 Hoardings
44:25 Gold Shaft Mining
43:28 Elite Serjeant
44:50 Cranequins
46:41 Crop Rotation
47:12 Heavy Mounted Crossbowman
50:13 Scale Barding Armor
derri
0:56 Loom
10:31 Feudal Age
14:21 Castle Age
12:51 Double-Bit Axe
13:06 Horse Collar
15:16 Bow Saw
15:35 Town Watch
17:44 Wheelbarrow
17:49 Fletching
20:35 Heavy Plow
27:25 Gold Mining
29:20 Hand Cart
32:38 Imperial Age
30:35 Masonry
31:23 Scale Mail Armor
31:34 Forging
31:31 Squires
31:17 Arson
32:04 Stone Mining
32:50 Gold Shaft Mining
33:07 Chain Mail Armor
33:28 Scale Barding Armor
33:50 Conscription
33:03 Onager
34:37 Elite Shotel Warrior
36:24 Plate Mail Armor
35:24 Crossbowman
36:49 Arbalester
37:35 Thumb Ring
38:44 Elite Skirmisher
40:34 Iron Casting
43:04 Chemistry
42:06 Padded Archer Armor
43:30 Leather Archer Armor
43:10 Bodkin Arrow
45:00 Bracer
44:37 Capped Ram
45:49 Royal Heirs
45:41 Siege Ram
47:37 Blast Furnace
46:32 Halberdier
49:21 Caravan
50:16 Ring Archer Armor
50:09 Ballistics
50:20 Architecture
ektum_inside
0:58 Loom
11:09 Feudal Age
11:38 Double-Bit Axe
13:42 Horse Collar
19:02 Castle Age
18:39 Stone Mining
18:40 Gold Mining
20:57 Bow Saw
21:35 Heavy Plow
24:15 Gold Shaft Mining
25:30 Wheelbarrow
24:45 Town Watch
26:09 Stone Shaft Mining
25:45 Squires
27:04 Forging
31:25 Imperial Age
30:11 Iron Casting
29:28 Fletching
29:31 Treadmill Crane
30:13 Scale Mail Armor
32:35 Conscription
34:06 Two-Man Saw
32:43 Elite Temple Guard
34:21 Chain Mail Armor
34:02 Bodkin Arrow
34:26 Hand Cart
34:10 Champi Runner
35:56 Siege Engineers
36:52 Chemistry
36:13 Ballistics
36:33 Crop Rotation
36:07 Champi Warrior
37:05 Pikeman
37:23 Pikeman
39:08 Murder Holes
39:24 Masonry
40:30 Plate Mail Armor
40:15 Town Patrol
41:20 Hoardings
41:58 Coinage
42:35 Guard Tower
43:46 Banking
45:00 Bracer
45:38 Keep
44:32 Elite Champi Warrior
47:22 Capped Ram
52:09 Herbalism
54:21 Elite Guecha Warrior
57:45 Herbalism
57:51 Huaracas
57:12 Elite Guecha Warrior
58:15 Huaracas
58:11 Herbalism
Connection lost

Rejoining the realm…

Still unreachable

The connection could not be restored.

Session expired

The server has moved on; the page needs a fresh start.